 Dungeon Crawl Stone Soup version 0.26.0-45-g9c1d065592 (webtiles) character file.

Game seed: 2623278726753984874

238 thiole the Stinger (level 6, -3/36 HPs)
             Began as an Octopode Venom Mage on Jan 27, 2021.
             Slain by Sigmund
             ... wielding a +0 scythe
              (9 damage)
             ... on level 3 of the Dungeon.
             The game lasted 00:04:53 (4181 turns).

thiole the Stinger (Octopode Venom Mage)            Turns: 4181, Time: 00:04:54

Health: -3/36      AC:  1    Str:  7    XL:     6   Next: 7%
Magic:  6/9        EV: 13    Int: 20    God:
Gold:   212        SH:  0    Dex: 12    Spells: 2/10 levels left

rFire    . . .     SeeInvis .   (no weapon)
rCold    . . .     Faith    .   (no shield)
rNeg     . . .     Spirit   .   (helmet restricted)
rPois    .         Reflect  .   (no amulet)
rElec    .         Harm     .   (no ring)
rCorr    .         Rampage  .   (no ring)
Will     .....                  (no ring)
Stlth    ++........             (no ring)
HPRegen  0.12/turn              (no ring)
MPRegen  0.11/turn              (no ring)
                                (no ring)
                                (no ring)

@: confused, attractive, invisible
A: almost no armour, stealthy swim, amphibious, 8 rings, constrict 8, camouflage
1, gelatinous body 1
a: no special abilities


You were on level 3 of the Dungeon.
You visited 1 branch of the dungeon, and saw 3 of its levels.

You collected 212 gold pieces.

Inventory:

Wands
 j - a wand of acid (12)
Scrolls
 a - 2 scrolls of teleportation {unknown}
 b - 4 scrolls of identify {unknown}
 f - a scroll of immolation {unknown}
 g - a scroll of amnesia {unknown}
 h - 2 scrolls of magic mapping {unknown}
 k - a scroll of enchant armour {unknown}
 m - a scroll of enchant weapon {unknown}
Potions
 c - a potion of invisibility
 d - 2 potions of attraction
 e - a potion of might {unknown}
 i - a potion of resistance {unknown}
 l - a potion of heal wounds {unknown}
 n - 3 potions of curing {unknown}
 o - a potion of mutation {unknown}
 p - a potion of haste {unknown}


   Skills:
 - Level 2.0 Dodging
 - Level 4.0 Stealth
 - Level 2.6 Spellcasting
 + Level 2.5 Transmutations
 * Level 2.2 Fire Magic
 * Level 5.6 Poison Magic


You had 2 spell levels left.
You knew the following spells:

 Your Spells              Type           Power        Failure   Level
a - Sting                 Tmut/Pois      72%          2%          1
b - Ignite Poison         Fire/Tmut/Pois 16%          11%         3
c - Olgreb's Toxic Radia  Pois           25%          14%         4

Your spell library contained the following spells:

 Spells                   Type           Power        Failure   Level
 Poisonous Vapours        Pois/Air       26%          7%          2
 Mephitic Cloud           Conj/Pois/Air  10%          21%         3


Dungeon Overview and Level Annotations

Branches:
Dungeon (3/15)

Altars:
Yredelemnul

Annotations:
D:3 2 transporters, Sigmund; thiole's ghost, weakling OpVM


Innate Abilities, Weirdness & Mutations

You cannot wear most types of armour.
You are very stealthy in the water. (Stealth+)
You are amphibious.
You can wear up to eight rings at the same time.
You can use your tentacles to constrict eight enemies at once.
Your skin changes colour to match your surroundings (Stealth+).
Your rubbery body absorbs attacks. (AC +1, EV +1)


Message History

Press: ? - help, Shift-Dir - straight line, f/p - Sigmund
Aim: Sigmund, wielding a +0 scythe and wearing a +2 robe (very poisoned, 29% to evade)
The sting hits Sigmund but does no damage.
Sigmund looks even sicker.
Sigmund casts a spell at you.
You are confused.
Sigmund casts a spell at you. The puff of flame hits you!
You barely miss Sigmund. Sigmund hits you with a +0 scythe!
* * * LOW HITPOINT WARNING * * *
It was a potion of attraction.
You feel attractive to monsters.
Sigmund casts a spell at himself.
Sigmund flickers and vanishes!
Deactivating autopickup; reactivate with Ctrl-A.
Unknown command.
It was a potion of invisibility.
You fade into invisibility!
Something hits you!
You die...

...................###.####.#
.........#.####.#.## ##.....#
.........#.# ##.##.###..#####
.##.)....#.# #...##.#.#.#
###.P.P..#.###...##..##.# #
#.._..##.#.........##.# #
#.P.P..............##.# #
#......#.#....!....##.# #
###....#
###$.@###.##.######### #
#####.. #..{# #.#...#.......
# .# ##.## #..........>.. #
#.# ###...#.#####. #.#
##.##.#####. #.# #..........
#.#### #..#.###.## #.##.##
#..#.# #.# #.#.#.###..#.# #.#


There were no monsters in sight!

Vanquished Creatures
  An orc wizard (D:3)
  Terence (D:2)
  5 gnolls
  4 adders
  An ooze (D:1)
  A dart slug (D:3)
  A leopard gecko (D:1)
  11 orcs
  9 bats
  4 giant cockroaches
  10 goblins
  7 hobgoblins
  5 jackals
  3 quokkas (D:2)
  4 frilled lizards
  8 kobolds
  8 rats
83 creatures vanquished.

Notes
Turn   | Place    | Note
-------+----------+-------------------------------------------
     0 | D:1      | thiole the Octopode Venom Mage began the quest for the Orb.
     0 | D:1      | Reached XP level 1. HP: 11/11 MP: 3/3
   144 | D:1      | Reached XP level 2. HP: 6/17 MP: 0/5
   160 | D:1      | Reached skill level 4 in Poison Magic
   898 | D:1      | Reached XP level 3. HP: 21/21 MP: 3/6
  1438 | D:1      | Learned a level 3 spell: Ignite Poison
  1996 | D:2      | Reached XP level 4. HP: 27/27 MP: 5/7
  2310 | D:2      | Noticed Terence
  2344 | D:2      | Killed Terence
  2733 | D:2      | Reached skill level 1 in Fire Magic
  2733 | D:2      | Reached skill level 5 in Poison Magic
  2733 | D:2      | Reached XP level 5. HP: 31/31 MP: 1/8
  3110 | D:2      | Learned a level 4 spell: Olgreb's Toxic Radiance
  3186 | D:3      | Found a transporter.
  3186 | D:3      | Noticed an ogre
  3237 | D:3      | Noticed thiole's ghost (weakling OpVM)
  3349 | D:3      | Found a basalt altar of Yredelemnul.
  3511 | D:3      | Noticed Sigmund
  3573 | D:3      | Reached XP level 6. HP: 22/36 MP: 0/9
  3793 | D:3      | Found a transporter.
  4181 | D:3      | Slain by Sigmund

Illustrated notes

Levels and vault maps discovered:
D:1:      dpeg_arrival_refuge, layout_basic
D:2:      layout_basic, uniq_terence
D:3:      layout_loops_ring, gammafunk_temple_overflow_elements,
          yredelemnul_altar_generic, gammafunk_ghost_arena, uniq_sigmund

Skill      XL: |  1  2  3  4  5 |
---------------+----------------+-----
Stealth        | 3 4 |  4.0
Poison Magic   | 4 5 |  5.6
Transmutations | 2 |  2.5
Fire Magic     | 1 2 |  2.2
Dodging        | |  2.0
Spellcasting   | |  2.6

Action                   |  1- 3 |  4- 6 || total
-------------------------+-------+-------++-------
Melee: Unarmed           |    31 |    26 ||    57
       Constrict         |     8 |    10 ||    18
       Tentacles         |     3 |     2 ||     5
 Cast: Sting             |    54 |    99 ||   153
  Use: Potion            |       |     2 ||     2
 Stab: Sleeping          |       |     1 ||     1
Armor: Skin              |     3 |     2 ||     5
Dodge: Dodged            |    28 |    52 ||    80
